 Dungeon Crawl Stone Soup version 0.22-a0-75-g1fede22 (webtiles) character file.

560 KristoblXynda the Slasher (level 7, -7/40 HPs)
             Began as a Tengu Gladiator on Jan 12, 2018.
             Was an Initiate of Ashenzari.
             Splashed by Ijyb's acid (9 damage)
             ... on level 5 of the Dungeon.
             The game lasted 00:09:07 (5047 turns).

KristoblXynda the Slasher (Tengu Gladiator)         Turns: 5047, Time: 00:09:08

Health: -7/40      AC:  1    Str: 15    XL:     7   Next: 31%
Magic:  8/8        EV: 13    Int: 10    God:    Ashenzari [......]
Gold:   206        SH:  5    Dex: 18    Spells: 6/6 levels left

rFire    . . .     SeeInvis .   a - +0 long sword
rCold    . . .     Gourm    .   l - +0 buckler
rNeg     . . .     Faith    .   r - +0 ring mail
rPois    +         Spirit   .   c - +0 hat
rElec    .         Reflect  .   (no cloak)
rCorr    .         Harm     .   (no gloves)
MR       .....                  (boots unavailable)
Stlth    +.........             (no amulet)
HPRegen  0.13/turn              i - +3 ring of dexterity (curse)
MPRegen  0.11/turn              g - ring of poison resistance

@: corroded
A: beak, talons 3, able to fly 1
a: Fly, Curse Item, Renounce Religion


You were on level 5 of the Dungeon.
You worshipped Ashenzari.
Ashenzari was noncommittal.
You were not hungry.

You visited 2 branches of the dungeon, and saw 6 of its levels.

You collected 206 gold pieces.

Inventory:

Hand Weapons
 a - a +0 long sword (weapon)
Missiles
 d - 2 throwing nets (quivered)
Armour
 c - a +0 hat (worn)
 l - a +0 buckler (worn)
 r - a +0 ring mail (worn)
Jewellery
 g - a ring of poison resistance (right hand)
 i - a cursed +3 ring of dexterity (left hand)
Scrolls
 j - 2 scrolls of blinking
 k - a scroll of immolation {unknown}
 n - 2 scrolls of teleportation {unknown}
 o - 2 scrolls of fear {unknown}
 p - a scroll of enchant weapon {unknown}
 q - a scroll of noise {unknown}
Potions
 b - 2 potions of curing
 e - a potion of might
Comestibles
 f - 9 rations


   Skills:
 - Level 2.0 Fighting
 + Level 5.8 Long Blades
 - Level 3.1 Throwing
 + Level 3.6 Armour
 - Level 4.0 Dodging
 + Level 3.5 Shields


You had 6 spell levels left.
You didn't know any spells.

Dungeon Overview and Level Annotations

Branches:
Dungeon (5/15)             Temple (1/1) D:5

Altars:
Ashenzari
Cheibriados
Dithmenos
Fedhas
Gozag
Hepliaklqana
Kikubaaqudgha
Makhleb
Nemelex Xobeh
Qazlal
Ru
Sif Muna
Trog
Uskayaw
Vehumet
Wu Jian
Xom
Zin
The Shining One

Annotations:
D:4 Paulus's ghost, amateur MfMo
D:5 Ijyb


Innate Abilities, Weirdness & Mutations

You have a beak for a mouth.
You have claws for feet.
You can fly.


Message History

You close the door.
There is a stone staircase leading down here.
You start resting.
HP restored.
You climb downwards.
Level annotation: Ijyb
Found 22 stones.
There is a stone staircase leading up here. 2 orcs and a phantom come into view.
Ashenzari warns you: An orc is wielding a whip of draining.
The orc shouts!
The phantom blinks!
Ijyb zaps a wand.
The bolt of acid hits you! The acid corrodes you!
You are splashed with acid!
The acid burns!
There is a stone staircase leading down here.
Ijyb zaps a wand.
The bolt of acid hits you!
Ouch! That really hurt!
* * * LOW HITPOINT WARNING * * *
You are splashed with acid!
The acid burns!
You die...

#.%.# .. ###
#...########## ..# ##..
....#.... ..# o.. ...
.....#.# #.# #o. #.#
#g#.##.###.###
#..##.#####.#.##........
..#........$<.......##.###
.......W.>.g..#####.##....
....##.#@###.# #.###### .
#<.##.##.. #.# #.#.#
#.#### ..# #.##..# #.# ###
## ##.# ## .# (. ... #.


You could see a phantom, Ijyb and an orc (wandering).

Vanquished Creatures
  A phantom (D:4)
  An ogre (D:4)
  A howler monkey (D:4)
  2 hounds
  An iguana (D:4)
  2 worker ants
  A hound skeleton (D:4)
  Robin (D:3)
  3 gnolls (D:3)
  8 adders (D:2)
  An ooze (D:1)
  A worm (D:4)
  2 dart slugs
  A leopard gecko (D:3)
  7 orcs
  7 ball pythons
  4 giant cockroaches
  11 goblins
  7 hobgoblins
  10 jackals
  A quokka (D:2)
  8 bats
  3 frilled lizards
  2 jackal skeletons (D:4)
  6 kobolds
  4 rats
96 creatures vanquished.

Notes
Turn   | Place    | Note
-------+----------+-------------------------------------------
     0 | D:1      | KristoblXynda the Tengu Gladiator began the quest for the Orb.
     0 | D:1      | Reached XP level 1. HP: 12/12 MP: 2/2
   252 | D:1      | Reached XP level 2. HP: 17/17 MP: 3/3
   662 | D:2      | Reached XP level 3. HP: 19/21 MP: 4/4
   906 | D:2      | Found a radiant altar of Vehumet.
   939 | D:2      | Found a faded altar of an unknown god.
  1089 | D:2      | Reached skill level 4 in Long Blades
  1256 | D:2      | Reached XP level 4. HP: 25/26 MP: 5/5
  1631 | D:2      | Reached skill level 1 in Shields
  2220 | D:3      | Noticed Robin
  2442 | D:3      | Gained mutation: You can fly. [Tengu growth]
  2442 | D:3      | Reached XP level 5. HP: 30/30 MP: 6/6
  2456 | D:3      | Found a burning altar of Makhleb.
  2460 | D:3      | Reached skill level 1 in Armour
  2709 | D:3      | Killed Robin
  2946 | D:3      | Found a snail-covered altar of Cheibriados.
  2988 | D:3      | Reached XP level 6. HP: 27/35 MP: 7/7
  3308 | D:4      | Reached skill level 5 in Long Blades
  3642 | D:4      | Found a deep blue altar of Sif Muna.
  3642 | D:4      | Found a stormy altar of Qazlal.
  3647 | D:4      | Found an ornate altar of the Wu Jian Council.
  3647 | D:4      | Found a hide-covered altar of Uskayaw.
  3816 | D:4      | Reached XP level 7. HP: 40/40 MP: 8/8
  4400 | D:5      | Entered Level 5 of the Dungeon
  4400 | D:5      | Noticed Ijyb
  4473 | D:5      | Found a staircase to the Ecumenical Temple.
  4487 | Temple   | Entered the Ecumenical Temple
  4701 | Temple   | Became a worshipper of Ashenzari the Shackled
  4768 | D:4      | Noticed Paulus's ghost (amateur MfMo)
  5047 | D:5      | HP: 2/40 [Ijyb/wand of acid (6) (20)]
  5047 | D:5      | Splashed by Ijyb's acid

Vault maps used:
D:1:      minmay_arrival_plants_in_alcoves, hangedman_decor_growths
D:2:      fiery_altar_vehumet, chequers_ecumenical_altar_twisty,
          minmay_snake_closets
D:3:      cheibriados_altar_1, hex_medium, makhleb_heckhound_becter, uniq_robin
D:4:      grunt_temple_overflow_open, first_ration, kennysheep_generic_room_11
D:5:      minmay_temple_entry_hall, uniq_eustachio, uniq_ijyb,
          uniq_crazy_yiuf_cottage, uniq_duvessa
Temple:   oiseaux_autumnal_temple

Skill      XL: |  1  2  3  4  5  6 |
---------------+-------------------+-----
Long Blades    | 4 5 |  5.8
Dodging        | 4 |  4.0
Throwing       | 3 |  3.1
Shields        | 1 2 3 |  3.5
Armour         | 2 3 |  3.6
Fighting       | |  2.0

Action                   |  1- 3 |  4- 6 |  7- 9 || total
-------------------------+-------+-------+-------++-------
Melee: Long sword        |    49 |   147 |    30 ||   226
       Peck              |     8 |    30 |     4 ||    42
       Kick              |     9 |    53 |    14 ||    76
Throw: Throwing net      |       |       |     1 ||     1
Invok: Curse Item        |       |       |     1 ||     1
 Abil: Fly               |       |     1 |     1 ||     2
  Use: Scroll            |     2 |     3 |       ||     5
       Potion            |       |     1 |       ||     1
 Stab: Sleeping          |     3 |     4 |       ||     7
  Eat: Chunk             |       |     6 |     1 ||     7
       Ration            |       |     1 |     1 ||     2
Armor: Leather armour    |    11 |       |       ||    11
       Robe              |       |     3 |       ||     3
       Ring mail         |       |    32 |     7 ||    39
Dodge: Dodged            |    41 |    86 |    17 ||   144
Block: Buckler           |       |    32 |     4 ||    36
       Rpst.: Long sword |    14 |    29 |     4 ||    47

Table legend:
 A = Spawn XP
 B = Non-spawn XP
 C = Spawn XP percentage of total XP
 D = Spawn monster count
 E = Non-spawn monster count
 F = Spawn count percentage of total count
 G = Total turns spent on level
                    A         B        C        D         E        F      G
               +---------+---------+-------+---------+---------+-------+---------
         Total |       0 |     801 |   0.0 |       0 |      96 |   0.0 |  5047
               +---------+---------+-------+---------+---------+-------+---------
           D:1 |       0 |      31 |   0.0 |       0 |      15 |   0.0 |   630
           D:2 |       0 |     129 |   0.0 |       0 |      22 |   0.0 |  1781
           D:3 |       0 |     168 |   0.0 |       0 |      39 |   0.0 |   886
           D:4 |       0 |     433 |   0.0 |       0 |      15 |   0.0 |  1420
           D:5 |       0 |      40 |   0.0 |       0 |       5 |   0.0 |    97
               +---------+---------+-------+---------+---------+-------+---------
